 Dungeon Crawl Stone Soup version 0.27-a0-681-g0c81a3c1c3 (webtiles) character file.

Game seed: 11163947545270088987

90592 Anon1729 the Unseen (level 16, -1/101 HPs)
             Began as a Kobold Brigand on Mar 19, 2021.
             Was the Champion of Wu Jian.
             Slain by a death knight
             ... wielding a +0 battleaxe
              (30 damage)
             ... on level 15 of the Dungeon on Mar 20, 2021.
             The game lasted 01:09:35 (36711 turns).

Anon1729 the Unseen (Kobold Brigand)               Turns: 36711, Time: 01:09:36

Health: -1/101     AC:  9    Str: 11    XL:     16   Next: 47%
Magic:  0/16       EV: 27    Int:  9    God:    Wu Jian [******]
Gold:   1208       SH:  0    Dex: 24    Spells: 11/15 levels left

rFire    . . .     SeeInvis +   a - +6 quick blade (spect)
rCold    . . .     Faith    .   (shield restricted)
rNeg     + . .     Spirit   +   J - +0 steam dragon scales
rPois    +         Reflect  .   z - +0 helmet
rElec    .         Harm     .   c - +0 cloak
rCorr    .         Rampage  .   i - +0 pair of gloves
Will     +....                  j - +0 pair of boots
Stlth    +++++.....             y - amulet "Durung" {Spirit rPois Will+ Str+5 Int-5}
HPRegen  0.26/turn              F - ring of Ystiybao {rN+ Str-3 Dex+3 SInv Stlth+}
MPRegen  0.15/turn              f - ring of willpower

@: confused, about to teleport, weak-willed, ambrosia-drunk, serpent's lash
A: small, no large weapons, nightstalker 3
a: Renounce Religion, Wall Jump, Serpent's Lash, Heavenly Storm


You were on level 15 of the Dungeon.
You worshipped Wu Jian.
Wu Jian was exalted by your worship.
You visited 3 branches of the dungeon, and saw 22 of its levels.

You collected 1777 gold pieces.
You spent 569 gold pieces at shops.

Inventory:

Hand Weapons
 a - a +6 spectral quick blade (weapon)
 b - a +1 dagger of venom
Missiles
 d - 75 poisoned darts (quivered)
 e - 12 curare-tipped darts
 Z - 8 atropa-tipped darts
Armour
 c - a +0 cloak (worn)
 i - a +0 pair of gloves (worn)
 j - a +0 pair of boots (worn)
 r - a +0 buckler of protection
 z - a +0 helmet (worn)
 J - +0 steam dragon scales (worn)
 Q - a +2 robe of willpower
Jewellery
 f - a ring of willpower (left hand)
 m - an amulet of magic regeneration
 y - the amulet "Durung" (around neck) {Spirit rPois Will+ Str+5 Int-5}
   (You found it on level 5 of the Dungeon)

   [amulet of guardian spirit]

   It causes incoming damage to be split between your health and magic.
   It affects your strength (+5).
   It affects your intelligence (-5).
   It protects you from poison.
   It affects your willpower, your defense against some magical effects.
 C - a ring of magical power
 D - a ring of flight
 F - the ring of Ystiybao (right hand) {rN+ Str-3 Dex+3 SInv Stlth+}
   (You acquired it on level 5 of the Lair of Beasts)

   [ring of positive energy]

   It affects your strength (-3).
   It affects your dexterity (+3).
   It protects you from negative energy.
   It lets you see invisible.
   It makes you more stealthy.
 N - a +6 ring of intelligence
 V - a +6 ring of dexterity
 W - a ring of resist corrosion
 Y - a ring of wizardry
Wands
 t - a wand of paralysis (8)
 G - a wand of random effects (42)
 L - a wand of polymorph (28)
 O - a wand of iceblast (6)
 P - a wand of charming (7)
 T - a wand of acid (9)
Scrolls
 g - 4 scrolls of magic mapping
 o - 2 scrolls of blinking
 p - 5 scrolls of teleportation
 u - 5 scrolls of amnesia
 v - 5 scrolls of fog
 x - 2 scrolls of fear
 M - 4 scrolls of enchant armour
 R - a scroll of silence
 U - a scroll of summoning
Potions
 h - 4 potions of heal wounds
 k - 9 potions of curing
 l - a potion of magic {unknown}
 n - a potion of degeneration {unknown}
 q - 3 potions of ambrosia
 s - 5 potions of attraction
 w - 3 potions of mutation
 A - 8 potions of lignification
 B - 2 potions of brilliance {unknown}
 E - 2 potions of berserk rage {unknown}
 H - 2 potions of invisibility {unknown}
 I - 2 potions of haste {unknown}
 K - 2 potions of flight {unknown}
 S - 2 potions of cancellation {unknown}
 X - 4 potions of might {unknown}


   Skills:
 + Level 12.2 Fighting
 + Level 14.2 Short Blades
 + Level 12.3 Throwing
 + Level 13.1 Dodging
 * Level 20.9 Stealth
 * Level 1.6 Shields
 - Level 4.0 Hexes
 - Level 4.0 Air Magic
 - Level 4.0 Evocations


You had 11 spell levels left.
You knew the following spells:

 Your Spells              Type           Power      Damage    Failure   Level
a - Swiftness             Air            7%         N/A       12%         2
b - Slow                  Hex            7%         N/A       12%         2

Your spell library contained the following spells:

 Spells                   Type           Power      Damage    Failure   Level
 Corona                   Hex            7%         N/A       8%          1
 Shock                    Conj/Air       12%        1d3       19%         1
 Confusing Touch          Hex            7%         N/A       24%         3
 Animate Skeleton         Necr           0%         N/A       38%         1
 Apportation              Tloc           0%         N/A       38%         1
 Freeze                   Ice            0%         1d3       38%         1
 Pain                     Necr           0%         1d4       38%         1
 Sandblast                Erth           0%         2d4       38%         1
 Sting                    Tmut/Pois      0%         1d3       38%         1
 Summon Small Mammal      Summ           0%         N/A       38%         1
 Inner Flame              Hex/Fire       3%         N/A       47%         3
 Portal Projectile        Hex/Tloc       6%         N/A       47%         3
 Static Discharge         Conj/Air       3%         N/A       47%         3
 Summon Guardian Golem    Hex/Summ       3%         N/A       47%         3
 Call Imp                 Summ           0%         N/A       52%         2
 Airstrike                Air            3%         N/A       61%         4
 Cause Fear               Hex            3%         N/A       61%         4
 Call Canine Familiar     Summ           0%         N/A       77%         3
 Gell's Gravitas          Tloc           0%         N/A       77%         3
 Leda's Liquefaction      Hex/Erth       1%         N/A       87%         4
 Summon Lightning Spire   Summ/Air       3%         N/A       87%         4
 Silence                  Hex/Air        3%         N/A       91%         5
 Petrify                  Tmut/Erth      0%         N/A       99%         4
 Summon Ice Beast         Ice/Summ       0%         N/A       99%         4
 Lightning Bolt           Conj/Air       1%         1d12      99%         5
 Metabolic Englaciation   Hex/Ice        1%         N/A       99%         5
 Yara's Violent Unravell  Hex/Tmut       1%         3d3       99%         5
 Discord                  Hex            3%         N/A       100%        8


Dungeon Overview and Level Annotations

Branches:
Dungeon (15/15)            Temple (1/1) D:7            Lair (6/6) D:8
 Shoals (0/4) Lair:3        Snake (0/4) Lair:4        Slime (0/5) Lair:6
    Orc (0/2) D:9          Vaults (0/5) D:13
 Depths: D:15

Altars:
Ashenzari
Cheibriados
Dithmenos
Elyvilon
Fedhas
Gozag
Hepliaklqana
Kikubaaqudgha
Makhleb
Nemelex Xobeh
Okawaru
Qazlal
Ru
Sif Muna
Trog
Uskayaw
Vehumet
Wu Jian
Xom
Yredelemnul
Zin
The Shining One
Jiyva

Shops:
D:4 :   D:5 [   D:6 :   D:9 *   D:13 ***

Annotations:
D:4 2 transporters, Klosterheim's ghost, weakling DsDe
D:10 3 runed translucent doors, ggurman's ghost, journeyman MiIE
Lair:3 3 runed translucent doors, exclusion: oklob plant, funkygono's ghost, journeyman GrFi
Lair:6 1 runed translucent door


Innate Abilities, Weirdness & Mutations

You are small and have problems with some larger weapons.
You are completely attuned to the shadows.


Message History

The phantasmal warrior misses you.
You hit the death knight.
The death knight is moderately wounded.
A freezing wraith comes into view.
Aiming: Paralyse
Press: ? - help, Shift-Dir - straight line, f - death knight
Aim: a death knight, wielding a +0 battleaxe and wearing a +0 chain mail (moderately wounded, covered in acid, chance to affect: 12%)
The death knight resists with almost no effort.
The phantasmal warrior closely misses you.
The death knight barely misses you.
Aiming: Paralyse
Press: ? - help, Shift-Dir - straight line, f/p - death knight
Aim: a death knight, wielding a +0 battleaxe and wearing a +0 chain mail (moderately wounded, covered in acid, chance to affect: 12%)
The death knight resists with almost no effort.
The phantasmal warrior misses you.
The death knight hits you with a +0 battleaxe!
Okay, then.
As you read the scroll of teleportation, it crumbles to dust.
You feel strangely unstable.
The phantasmal warrior completely misses you.
The death knight hits you with a +0 battleaxe!
* * * LOW HITPOINT WARNING * * *
You feel much better. The phantasmal warrior misses you.
The death knight barely misses you.
You puncture the death knight!
The death knight is heavily wounded.
The phantasmal warrior hits you!!
* * * LOW HITPOINT WARNING * * *
You feel much better. The death knight closely misses you.
The phantasmal warrior hits you!!
* * * LOW HITPOINT WARNING * * *
You are confused.
You feel invigorated.
The death knight is no longer covered in acid.
The death knight completely misses you.
The phantasmal warrior completely misses you.
You barely miss the death knight.
The death knight is heavily wounded.
The death knight hits you with a +0 battleaxe!!!
You die...

....# 8... #..
o§.. .... ##...
.o# .... . ...#
#.# [.#
#.##.#######§#
#.#
#....sW@poWz.#
..#
###.#########
### #.#
#############.#
..[...........#
###############


You could see a death knight, an orc knight (corroded), a skeletal warrior, a
phantasmal warrior, a freezing wraith and a redback.

Vanquished Creatures
  Jorgrun (D:14)
  Rupert (Lair:6)
  8 vault guards
  Erolcha (D:10)
  Harold (D:7)
  3 boulder beetles
  A catoblepas (D:13)
  6 hydras
  A centaur warrior (D:14)
  3 two-headed ogres
  An alligator (Lair:6)
  5 skeletal warriors (D:12)
  3 unseen horrors
  A wolf spider (D:15)
  An orc knight (D:15)
  A lindwurm (Lair:6)
  A phantasmal warrior (D:15)
  A wolf spider zombie (D:14)
  2 ugly things
  4 cyclopes
  A manticore (D:12)
  6 black mambas
  15 elephants
  6 torpor snails (Lair:6)
  3 centaur zombies
  4 gargoyles
  18 cane toads
  3 kobold demonologists
  2 rime drakes
  A freezing wraith (D:14)
  15 komodo dragons
  11 polar bears
  5 trolls
  7 hornets (Lair:6)
  4 tyrant leeches (Lair:6)
  6 meliai (D:14)
  18 blink frogs
  3 raiju (Lair:6)
  5 slime creatures (D:15)
  A dream sheep (Lair:6)
  3 shadows
  3 wraiths
  3 wyverns
  Grum (Lair:1)
  62 yaks
  2 basilisks
  A steam dragon (D:8)
  9 vampire mosquitoes
  4 wargs (Lair:6)
  A two-headed ogre zombie (D:9)
  An acid dragon (D:11)
  13 water moccasins
  14 hell hounds (Lair:6)
  11 orc warriors
  11 black bears (Lair:6)
  2 necrophages
  5 ice beasts
  2 sky beasts
  4 ogres
  15 wolves
  A boggart (D:15)
  8 centaurs
  6 phantoms
  3 kobold brigands (D:13)
  15 bullfrogs
  A wyvern zombie (D:5)
  A gnoll sergeant (D:8)
  8 scorpions
  2 troll zombies (D:9)
  A hornet simulacrum (D:15)
  4 killer bees (D:12)
  13 howler monkeys
  8 wights
  5 electric eels
  4 bullfrog zombies
  2 quasits
  9 orc priests
  5 hounds
  Crazy Yiuf (D:2)
  4 jellies
  4 centaur skeletons
  Terence (D:2)
  4 bullfrog skeletons
  11 worker ants
  3 iguanas
  19 orc wizards
  5 ogre zombies (D:9)
  A hound skeleton (D:8)
  A mummy (D:11)
  A worker ant zombie (D:11)
  12 gnolls
  A howler monkey zombie (D:10)
  2 howler monkey skeletons
  14 adders
  2 shadow imps
  3 white imps
  4 ufetubi
  An ooze (D:5)
  2 adder skeletons
  2 dart slugs (D:2)
  3 leopard geckos
  61 orcs
  2 ball pythons
  5 bats
  4 giant cockroaches
  5 goblins
  4 hobgoblins
  20 jackals
  7 quokkas
  A ball python skeleton (D:5)
  4 frilled lizards
  A giant cockroach zombie (D:6)
  3 goblin zombies (D:9)
  A hobgoblin skeleton (D:9)
  4 hobgoblin zombies (D:9)
  A jackal skeleton (D:8)
  3 kobolds
  An orc skeleton (D:9)
  16 orc zombies (D:9)
  10 rats
697 creatures vanquished.

Vanquished Creatures (others)
  A polar bear (Lair:6)
  6 bushes (Lair:6)
  49 fungi
  163 plants
219 creatures vanquished.

Grand Total: 916 creatures vanquished

Notes
Turn   | Place    | Note
-------+----------+-------------------------------------------
     0 | D:1      | Anon1729 the Kobold Brigand began the quest for the Orb.
     0 | D:1      | Reached XP level 1. HP: 12/12 MP: 1/1
   528 | D:1      | Reached XP level 2. HP: 18/18 MP: 2/2
  1147 | D:2      | Found a shimmering altar of Xom.
  1362 | D:2      | Reached XP level 3. HP: 22/22 MP: 3/3
  1688 | D:2      | Noticed Terence
  1690 | D:2      | Killed Terence
  1691 | D:2      | Reached skill level 6 in Stealth
  1691 | D:2      | Reached XP level 4. HP: 27/27 MP: 4/4
  2495 | D:2      | Found a runed translucent door.
  2498 | D:2      | Noticed Crazy Yiuf
  2503 | D:2      | Killed Crazy Yiuf
  2504 | D:2      | Reached XP level 5. HP: 32/32 MP: 5/5
  3180 | D:4      | Found a transporter.
  3184 | D:4      | Found a transporter.
  3184 | D:4      | Noticed Klosterheim's ghost (weakling DsDe)
  3286 | D:4      | Reached XP level 6. HP: 29/37 MP: 6/6
  3362 | D:4      | Found a snail-covered altar of Cheibriados.
  3387 | D:4      | Noticed an ogre
  3391 | D:4      | Killed an ogre
  3392 | D:4      | Reached skill level 7 in Stealth
  3841 | D:4      | Reached XP level 7. HP: 33/42 MP: 7/7
  4481 | D:4      | Found Neonerr's Book Shoppe.
  4548 | D:5      | Entered Level 5 of the Dungeon
  4633 | D:5      | Found Diunn's Armour Shoppe.
  4957 | D:5      | Identified the amulet "Durung" {Spirit rPois Will+ Str+5
                  | Int-5}
  5040 | D:5      | Reached skill level 8 in Stealth
  5987 | D:5      | Reached skill level 5 in Short Blades
  6134 | D:5      | Reached XP level 8. HP: 48/48 MP: 6/8
  6287 | D:5      | Found a bloodstained altar of Trog.
  6328 | D:5      | Learned a level 2 spell: Swiftness
  6507 | D:5      | Reached skill level 9 in Stealth
  7400 | D:6      | Found Xixy's Book Shoppe.
  7406 | D:6      | Reached skill level 5 in Throwing
  7417 | D:6      | Reached skill level 5 in Fighting
  7417 | D:6      | Reached skill level 5 in Dodging
  7562 | D:6      | Reached skill level 10 in Stealth
  7562 | D:6      | Reached XP level 9. HP: 54/54 MP: 9/9
  9188 | D:7      | Found a staircase to the Ecumenical Temple.
  9200 | Temple   | Entered the Ecumenical Temple
  9307 | Temple   | Became a worshipper of the Wu Jian Council
  9333 | D:7      | Noticed Harold
  9362 | Temple   | Reached skill level 1 in Air Magic
  9548 | D:7      | Reached skill level 11 in Stealth
 10347 | D:8      | Found an ancient bone altar of Kikubaaqudgha.
 10348 | D:8      | Found a sacrificial altar of Ru.
 10478 | D:8      | Reached XP level 10. HP: 60/60 MP: 10/10
 10532 | D:8      | Noticed a moth of wrath
 10536 | D:8      | Found a bloodstained altar of Trog.
 10544 | D:8      | Reached * piety under Wu Jian
 10957 | D:8      | Found a staircase to the Lair.
 11154 | D:7      | Killed Harold
 11155 | D:7      | Reached skill level 12 in Stealth
 11370 | D:8      | Found a bloodstained altar of Trog.
 11371 | D:8      | Found a hazy altar of Hepliaklqana.
 11372 | D:8      | Found a broken altar of Ashenzari.
 11373 | D:8      | Found a radiant altar of Vehumet.
 11373 | D:8      | Found a glowing silver altar of Zin.
 11373 | D:8      | Found a white marble altar of Elyvilon.
 11375 | D:8      | Found a stormy altar of Qazlal.
 11447 | D:8      | Noticed a komodo dragon
 11488 | D:8      | Killed a komodo dragon
 11620 | D:9      | Found Baupuin's Assorted Antiques.
 11653 | D:9      | Bought a scroll labelled XADDEZOTUXU for 20 gold pieces
 11653 | D:9      | Bought a scroll labelled GOLINORIUMU for 20 gold pieces
 11653 | D:9      | Bought a scroll labelled WODYCL XOILU for 20 gold pieces
 11653 | D:9      | Bought a smoky inky potion for 18 gold pieces
 11829 | D:9      | Learned a level 2 spell: Slow
 12561 | D:9      | Reached ** piety under Wu Jian
 12604 | D:9      | Found a staircase to the Orcish Mines.
 13028 | D:8      | HP: 1/61 [something (11)]
 13566 | D:9      | Identified A Beginning Course on the Arcane Arts
 13788 | D:10     | Entered Level 10 of the Dungeon
 13850 | D:10     | Noticed Erolcha
 14084 | D:10     | Reached skill level 1 in Evocations
 14084 | D:10     | Reached XP level 11. HP: 56/67 MP: 11/11
 14090 | D:10     | Reached skill level 13 in Stealth
 14090 | D:10     | Reached skill level 1 in Hexes
 14095 | D:10     | Reached *** piety under Wu Jian
 14103 | D:10     | Noticed a two-headed ogre
 14411 | D:9      | Killed a two-headed ogre
 15107 | D:10     | Found a runed translucent gate.
 15108 | D:10     | Found a runed translucent gate.
 15108 | D:10     | Noticed ggurman's ghost (journeyman MiIE)
 15109 | D:10     | Found a runed translucent gate.
 15553 | D:10     | Identified the +7 whip of the Genius {drain, rN++}
 15699 | D:10     | Killed Erolcha
 16591 | D:11     | Found an opulent altar of Gozag.
 16659 | D:11     | Noticed a brown ugly thing
 16663 | D:11     | Killed a brown ugly thing
 16783 | D:11     | Reached skill level 14 in Stealth
 17029 | D:11     | Reached **** piety under Wu Jian
 17863 | D:12     | Noticed a manticore
 17867 | D:12     | Killed a manticore
 17875 | D:12     | Noticed an eight-headed hydra
 17878 | D:12     | Killed an eight-headed hydra
 17879 | D:12     | Reached XP level 12. HP: 73/73 MP: 12/12
 18045 | D:12     | Killed an unseen horror
 18834 | D:12     | Noticed a skeletal warrior
 18975 | Lair:1   | Entered Level 1 of the Lair of Beasts
 19029 | Lair:1   | Reached skill level 10 in Short Blades
 19078 | Lair:1   | Reached skill level 15 in Stealth
 19299 | Lair:1   | Identified the +10 war axe of Triumph {vorpal, +Fly Int+2
                  | Dex+6 Stlth-}
 19577 | Lair:1   | Noticed Grum
 19581 | Lair:1   | Killed Grum
 20695 | Lair:2   | Noticed a four-headed hydra
 20765 | Lair:2   | Killed a four-headed hydra
 20766 | Lair:2   | Reached XP level 13. HP: 76/80 MP: 13/13
 20839 | Lair:2   | Identified the +10 hunting sling of Gosuwafe {speed, Dex+3}
 20896 | Lair:2   | Found a stormy altar of Qazlal.
 21150 | Lair:2   | Reached skill level 16 in Stealth
 21950 | Lair:3   | Identified a scroll of acquirement
 21952 | Lair:3   | Acquired a +4 quick blade
 22066 | Lair:3   | Found a staircase to the Shoals.
 22200 | Lair:3   | Reached skill level 10 in Dodging
 22261 | Lair:3   | Found a runed translucent gate.
 22285 | Lair:3   | Found a runed translucent gate.
 22286 | Lair:3   | Found a runed translucent gate.
 22286 | Lair:3   | Noticed funkygono's ghost (journeyman GrFi)
 22793 | Lair:3   | Noticed a boulder beetle
 22814 | Lair:3   | Killed a boulder beetle
 24620 | Lair:3   | Reached ***** piety under Wu Jian
 24621 | Lair:3   | Reached skill level 17 in Stealth
 24986 | Lair:4   | Found a staircase to the Snake Pit.
 25004 | Lair:4   | Noticed a five-headed hydra
 25008 | Lair:4   | Reached skill level 10 in Throwing
 25032 | Lair:4   | Killed a five-headed hydra
 25109 | Lair:4   | Reached skill level 10 in Fighting
 25739 | Lair:5   | Acquired the ring of Ystiybao {rN+ Str-3 Dex+3 SInv Stlth+}
 25768 | Lair:5   | Noticed a boulder beetle
 25771 | Lair:5   | Killed a boulder beetle
 25784 | Lair:5   | Reached XP level 14. HP: 88/88 MP: 14/14
 27083 | Lair:6   | Entered Level 6 of the Lair of Beasts
 27116 | Lair:5   | Reached skill level 18 in Stealth
 28155 | Lair:6   | Found a runed translucent door.
 28602 | Lair:6   | Noticed Rupert
 28960 | Lair:6   | Killed Rupert
 28961 | Lair:6   | Reached skill level 19 in Stealth
 28961 | Lair:6   | Reached XP level 15. HP: 62/94 MP: 9/15
 28999 | Lair:6   | Reached ****** piety under Wu Jian
 29602 | Lair:6   | Found a viscous altar of Jiyva.
 29603 | Lair:6   | Found a staircase to the Slime Pits.
 32115 | D:13     | Found a gate to the Vaults.
 32141 | D:13     | Reached skill level 20 in Stealth
 33375 | D:13     | Found Nodociat's Assorted Antiques.
 33380 | D:13     | Bought a smoky inky potion for 26 gold pieces
 33380 | D:13     | Bought a fizzy cyan potion for 26 gold pieces
 33380 | D:13     | Bought a scroll labelled YSCHAL WISIKHLOS for 29 gold
                  | pieces
 33387 | D:13     | Bought 2 red potions for 52 gold pieces
 33387 | D:13     | Bought a potion of heal wounds for 145 gold pieces
 33608 | D:13     | Found Gaid's General Store.
 33613 | D:13     | Bought a scroll of enchant weapon for 105 gold pieces
 33702 | D:13     | Found Ceecoanta's Assorted Antiques.
 33766 | D:13     | Bought a smoky inky potion for 36 gold pieces
 33766 | D:13     | Bought a coppery potion for 36 gold pieces
 33766 | D:13     | Bought a lumpy dark potion for 36 gold pieces
 34325 | D:14     | Reached XP level 16. HP: 101/101 MP: 16/16
 34657 | D:14     | Noticed Jorgrun
 34661 | D:14     | Killed Jorgrun
 35714 | D:15     | Entered Level 15 of the Dungeon
 35726 | D:15     | Noticed a frost giant
 35727 | D:15     | Noticed a fire giant
 35727 | D:15     | Noticed a fire giant
 36441 | D:15     | Reached skill level 1 in Shields
 36449 | D:15     | Found a hide-covered altar of Uskayaw.
 36711 | D:15     | Slain by a death knight

Illustrated notes

Levels and vault maps discovered:
D:1:      minmay_arrival_doors, layout_basic
D:2:      layout_loops_corners, xom_teletrap_fun, uniq_crazy_yiuf_cottage,
          uniq_terence
D:3:      layout_basic
D:4:      layout_basic, serial_shops, shop, gammafunk_ghost_arena,
          cheibriados_altar_1
D:5:      layout_rooms, serial_shops, shop, basic_altar, patterned_corridor
D:6:      layout_cave_pods, serial_shops, shop
D:7:      layout_basic, minmay_temple_entry_glass, uniq_harold
D:8:      layout_cave_pools, minitemple, david_lair_shrubbed,
          serial_co_window_serial, co_window_of_opportunity_a,
          co_window_paths_a, co_window_corner_a, co_window_paths_a,
          co_window_corner_a, co_window_of_opportunity_b, co_window_broadway_a,
          co_window_2corner, co_window_paths_c, co_window_cross_4,
          co_window_of_opportunity_b, glass_columns_a, glass_columns_a,
          glass_columns_a, glass_columns_c, tgw_trog
D:9:      layout_rooms, zombieorc2_lemuel, serial_shops,
          nicolae_shop_overgrown_old_shop, chequers_serial_rivers_room_a
D:10:     layout_rooms, gammafunk_ghost_nasty_kobolds, uniq_erolcha
D:11:     layout_basic, basic_altar, serial_undead, serial_undead_d,
          serial_undead_b, serial_undead_d, serial_undead_c,
          serial_bayou_lagoon_a, minmay_diced_spiral
D:12:     layout_loops_cross
D:13:     layout_stronghold, erik_vaults_2, serial_shops, shop,
          nicolae_shop_waterfront, shop, grunt_decor_clamped
D:14:     layout_roguey, minmay_fountain_box, uniq_jorgrun
D:15:     hangedman_depths_entry_civil_slaughter, layout_loops_ring,
          nicolae_uskayaw_dance_hall, minivault_28
Temple:   cyrus_circular_temple
Lair:1:   layout_big_grid, columned_hall_lemuel, uniq_grum
Lair:2:   layout_cave_pods, chequers_serial_rivers_micro_c,
          amcnicky_altar_gilded
Lair:3:   layout_layer_cave, minmay_shoals_entry_centaurs,
          ebering_ghost_rock_garden, chequers_serial_rivers_small_b,
          serial_bayou_pond_a, infiniplex_staircase_pool
Lair:4:   layout_concentric_octagons, dummy_snake_entry,
          chequers_serial_rivers_micro_d, beast_lair_carwin_4,
          serial_bayou_shore_a, grunt_megastairs_4
Lair:5:   layout_regular_city
Lair:6:   wormcave, layout_cave_pods, hangedman_lair_caniforms_friends,
          dpeg_slime_entry_enclosed_altar, serial_forest,
          infiniplex_forest_clump_large, infiniplex_forest_straight_4,
          infiniplex_forest_zigzag_1, infiniplex_forest_lined_3,
          infiniplex_forest_straight_2, infiniplex_forest_clump_small,
          infiniplex_forest_clump_long, grunt_forest_small_clearings, pond,
          uniq_rupert

Skill      XL: |  1  2  3  4  5  6  7  8  9 10 11 12 13 14 15 16 |
---------------+-------------------------------------------------+-----
Short Blades   | 3 4 5 6 7 8 9 10 11 12 13 14 | 14.2
Dodging        | 2 3 4 5 6 7 8 9 10 11 12 13 | 13.1
Stealth        | 6 7 8 10 11 12 14 15 17 19 20 | 20.9
Fighting       | 3 4 5 6 7 8 9 10 11 12 | 12.2
Throwing       | 3 4 5 6 7 8 9 10 11 12 | 12.3
Air Magic      | 2 3 4 |  4.0
Evocations     | 1 4 |  4.0
Hexes          | 3 4 |  4.0
Shields        | 1 |  1.6

Action                   |  1- 3 |  4- 6 |  7- 9 | 10-12 | 13-15 | 16-18 || total
-------------------------+-------+-------+-------+-------+-------+-------++-------
Melee: Dagger            |    64 |   136 |   511 |  1446 |   135 |       ||  2292
       Quick blade       |       |       |       |       |  1806 |   314 ||  2120
Throw: Dart              |     5 |       |     2 |    10 |       |       ||    17
 Cast: Slow              |       |       |       |     5 |       |       ||     5
       Swiftness         |       |       |       |     3 |       |       ||     3
Invok: Lunge             |       |       |     9 |    75 |    81 |    15 ||   180
       Whirlwind         |       |       |       |    88 |    83 |     8 ||   179
       Serpent's Lash    |       |       |       |       |     2 |     2 ||     4
 Abil: Wall Jump         |       |       |       |    12 |       |       ||    12
Evoke: Wand              |       |       |       |    14 |     1 |     7 ||    22
  Use: Scroll            |       |       |     2 |     1 |    21 |     3 ||    27
       Potion            |       |       |       |       |       |     3 ||     3
 Stab: Sleeping          |    16 |    18 |    31 |    64 |    67 |    26 ||   222
       Distracted        |       |       |     3 |    14 |    50 |     6 ||    73
Armor: Robe              |     7 |    21 |    75 |       |       |       ||   103
       Steam dragon scal |       |       |       |   159 |    97 |    13 ||   269
Dodge: Dodged            |    35 |    71 |   353 |   673 |   681 |   142 ||  1955

Table legend: (Time is in decaauts)
 A = Elapsed time spent in this place.
 B = Non-inter-level travel time spent in this place.
 C = Inter-level travel time spent in this place.
 D = Time resting spent in this place.
 E = Time spent auto-exploring this place.
 F = Levels seen in this place.
 G = Mean time per level.
                   A        B        C        D        E       F      G
               +--------+--------+--------+--------+--------+-----+--------+
         Total |  34943 |  33699 |   1244 |   6772 |  21594 |  22 | 1588.3 |
       Dungeon |  23459 |  22526 |    933 |   5016 |  13625 |  15 | 1563.9 |
        Temple |    240 |    204 |     36 |    101 |     82 |   1 |  240.0 |
          Lair |  11242 |  10968 |    274 |   1655 |   7887 |   6 | 1873.7 |
               +--------+--------+--------+--------+--------+-----+--------+

Top non-repeatable levels by time:
  Lair:6: 2884 daAuts
  Lair:3: 2229 daAuts
    D:13: 2199 daAuts
     D:9: 1990 daAuts
     D:4: 1950 daAuts
  Lair:2: 1901 daAuts
  Lair:5: 1845 daAuts
    D:11: 1758 daAuts
     D:8: 1755 daAuts
    D:10: 1734 daAuts
    D:14: 1674 daAuts
     D:7: 1661 daAuts
    D:12: 1633 daAuts
     D:6: 1602 daAuts
     D:5: 1496 daAuts
